Map: Akilon Wastes

Players

Crisas

  • Race: Terran Terran
  • Spawn Location: 11:00

A.I. 1 (Hard) - Winner!

  • Race: Protoss Protoss
  • Spawn Location: 5:00

VOD

Have the link to the VOD?

Description

Time

  • Played on: Feb. 4, 2018, 12:26 p.m.
  • Length: 20:10
Show
View Real Time Build Order
Export as new Build Order

Crisas Terran 

Build Orders:  

Get SALT Encoding   

  12  0:47  Supply Depot, SCV  
  13  0:59  SCV  
  14  1:11  SCV  
  14  1:12  Barracks  
  15  1:26  SCV  
  16  1:38  SCV  
  17  1:43  Supply Depot  
  17  1:56  SCV  
  18  2:05  Supply Depot  
  18  2:06  Engineering Bay  
  18  2:08  SCV  
  19  2:18  Marine  
  19  2:20  SCV  
  21  2:29  Supply Depot  
  21  2:32  SCV  
  21  2:33  Barracks  
  21  2:36  Marine  
  23  2:44  SCV  
  24  2:54  Marine  
  24  2:56  SCV  
  26  3:12  Marine  
  27  3:21  SCV  
  27  3:22  Marine  
  29  3:33  Barracks, SCV  
  30  3:45  SCV  
  31  3:49  Marine x2  
  33  4:02  SCV  
  32  4:07  Marine  
  32  4:26  Barracks  
  32  4:27  Marine x2  
  32  4:28  Marine  
  35  4:33  Bunker  
  35  4:45  SCV  
  36  4:48  Marine x2  
  36  4:49  Marine  
  39  4:57  SCV  
  40  5:35  Barracks  
  40  5:36  Barracks  
  40  5:42  Supply Depot  
  40  5:47  SCV  
  40  5:48  Marine x3  
  44  5:59  SCV  
  45  6:05  Supply Depot  
  45  6:06  Marine  
  45  6:11  Marine x2, SCV  
  40  6:26  Marine x4  
  40  6:28  Marine  
  40  6:29  Marine, Supply Depot  
  44  6:41  Command Center  
  44  6:44  Marine x4, Supply Depot  
  44  6:46  Marine x2  
  44  7:01  Marine  
  44  7:02  Marine x3  
  44  7:04  Marine x2  
  46  7:11  SCV  
  42  7:19  Marine x3  
  42  7:20  Marine  
  42  7:22  Marine x2  
  46  7:24  Supply Depot  
  45  7:37  Marine x4  
  45  7:40  Marine x2  
  51  7:53  Bunker  
  51  7:55  Marine x4  
  51  7:57  Marine  
  51  7:58  Marine  
  51  8:13  Marine x4  
  51  8:14  Orbital Command  
  55  8:24  Bunker  
  55  8:33  Barracks  
  55  8:39  Marine  
  55  8:40  Marine x5  
  61  8:48  Orbital Command  
  61  8:57  Marine x2  
  61  8:58  Marine x4  
  59  9:05  SCV  
  50  9:15  Marine x3  
  50  9:16  Marine x2  
  55  9:21  Barracks  
  55  9:40  Marine x6  
  55  9:41  Marine  
  62  9:57  Marine  
  62  9:58  Marine x4  
  67  10:12  Barracks  
  46  10:37  Marine x2  
  46  10:38  Marine x5  
  53  10:47  Command Center  
  53  10:55  Marine x4  
  53  10:56  Marine x4  
  61  11:01  Marine  
  59  11:13  Marine x6  
  59  11:17  Marine x2  
  62  11:19  Marine  
  59  11:31  Marine x2  
  59  11:35  Marine x3  
  59  11:36  Marine x3  
  59  11:37  Marine  
  66  11:49  Marine  
  56  12:25  Marine  
  56  12:26  Marine x6  
  56  12:27  Marine x2  
  51  12:43  Marine x2  
  51  12:44  Marine x7  
  53  12:45  SCV x3  
  63  12:57  SCV x3  
  66  13:01  Marine x3  
  66  13:02  Marine  
  70  13:07  Marine x4  
  70  13:08  Marine  
  70  13:19  Marine  
  68  13:30  Command Center  
  68  13:33  Marine  
  68  13:34  Marine x2  
  62  13:59  Marine x3  
  62  14:00  Marine x6  
  58  14:08  SCV x3  
  61  14:17  Marine x4  
  61  14:19  Marine x5  
  61  14:20  SCV  
  67  14:26  SCV x2  
  67  14:32  SCV  
  67  14:35  Marine  
  67  14:38  SCV  
  67  14:46  SCV x3  
  67  14:50  Marine x4, SCV  
  67  14:51  Marine x4  
  79  14:53  Marine  
  79  14:58  SCV  
  81  15:08  Marine x4  
  81  15:11  Marine x3  
  81  15:12  Marine  
  81  15:14  Marine  
  90  15:22  Command Center  
  80  15:29  Marine x7  
  80  15:30  Marine  
  80  15:31  Marine  
  82  15:42  SCV  
  82  15:43  SCV x2  
  82  15:44  SCV  
  82  15:46  Marine x2  
  82  15:47  Marine x2  
  89  15:50  Marine  
  89  15:51  Marine x4  
  89  15:55  SCV  
  85  16:04  Marine x4  
  85  16:08  Marine x3  
  85  16:09  Marine x2  
  94  16:22  Marine x4  
  97  16:26  Marine x2  
  97  16:30  SCV x3  
  97  16:31  SCV  
  86  16:38  SCV  
  86  16:39  Marine x3  
  89  16:40  Marine x4  
  89  16:44  Marine x2  
  89  16:46  SCV x2  
  98  16:47  SCV  
  98  16:48  SCV  
  98  16:51  SCV  
  94  16:57  Marine x3  
  94  16:58  Marine x4, SCV  
  100  17:02  Marine x2  
  100  17:05  SCV x4  
  106  17:10  SCV  
  106  17:15  Marine x5  
  109  17:16  Marine x2  
  109  17:17  SCV x4  
  109  17:19  Marine  
  109  17:20  Marine  
  109  17:22  SCV  
  119  17:29  SCV  
  107  17:33  Marine x6, Command Center  
  107  17:34  Marine  
  114  17:37  Marine x2  
  107  17:50  Marine  
  107  17:51  Marine x6  
  109  17:55  Marine x2  
  116  18:08  Marine x2, Orbital Command  
  116  18:09  Marine x5  
  123  18:14  Orbital Command  
  123  18:24  Marine x2  
  123  18:26  Marine x3  
  123  18:27  Marine x4  
  91  18:40  SCV x3  
  70  18:42  Marine x2  
  70  18:44  Marine x4, SCV  
  70  18:45  Marine x3, SCV  
  81  18:52  SCV x3  
  84  18:56  SCV  
  84  18:57  SCV  
  84  19:00  Marine x2  
  84  19:02  Marine x6  
  89  19:03  Marine  
  89  19:04  SCV x2  
  89  19:05  SCV  
  91  19:10  SCV  
  73  19:18  Marine x2  
  73  19:19  Marine, SCV x2  
  73  19:20  Marine x6, SCV  
  73  19:22  SCV  
  66  19:34  SCV x2  
  66  19:35  Marine, SCV x2  
  66  19:36  Marine  
  66  19:37  Marine x2  
  66  19:38  Marine x5  
  74  19:44  Command Center  
  67  19:46  SCV  
  67  19:48  SCV x2  
Show
View Real Time Build Order
Export as new Build Order

A.I. 1 (Hard) Protoss - Winner!

Build Orders:  

Get SALT Encoding   

  12  0:00  Probe  
  13  0:13  Probe  
  14  0:20  Pylon  
  14  0:25  Probe  
  15  0:38  Probe  
  16  0:47  Assimilator  
  16  0:49  Gateway  
  16  0:50  Probe  
  17  1:00  Pylon  
  17  1:02  Probe  
  18  1:14  Probe  
  19  1:27  Probe  
  20  1:36  Zealot  
  20  1:37  Cybernetics Core  
  22  1:43  Gateway  
  22  1:47  Assimilator  
  22  2:03  Pylon  
  22  2:14  Stalker  
  24  2:25  Warp Gate  
  24  2:30  Adept  
  26  2:44  Stalker  
  28  2:46  Pylon  
  28  2:57  Stalker  
  30  3:13  Stalker, Probe  
  33  3:25  Pylon, Probe  
  34  3:27  Stalker  
  36  3:37  Probe  
  37  3:44  Adept  
  37  3:45  Forge  
  39  3:49  Probe  
  40  3:57  Stalker  
  40  4:01  Probe  
  43  4:11  Zealot  
  43  4:13  Probe  
  46  6:10  Adept, Protoss Ground Weapons Level 1  
  48  6:14  Gateway  
  48  6:17  Twilight Council  
  48  6:20  Pylon, Sentry  
  48  6:21  Nexus  
  48  6:22  Photon Cannon  
  48  6:24  Photon Cannon  
  48  6:26  Robotics Facility  
  48  6:29  Forge  
  48  6:30  Adept  
  50  6:43  Adept  
  50  6:44  Pylon  
  50  6:46  Stargate  
  52  6:53  Adept  
  52  6:54  Blink  
  46  7:02  Protoss Ground Armor Level 1  
  46  7:03  Zealot  
  46  7:13  Zealot  
  46  7:15  Observer  
  45  7:23  Adept  
  45  7:33  Stalker, Probe  
  45  7:35  Probe  
  45  7:36  Observer  
  50  7:43  Adept, Assimilator  
  52  7:45  Pylon, Probe  
  52  7:47  Probe  
  54  7:53  Stalker, Pylon  
  54  7:58  Probe  
  57  7:59  Probe  
  57  8:03  Stalker  
  60  8:10  Probe  
  60  8:11  Probe  
  62  8:13  Sentry  
  62  8:15  Photon Cannon  
  64  8:22  Photon Cannon, Probe  
  64  8:23  Probe  
  67  8:34  Probe  
  67  8:35  Probe  
  68  8:46  Probe  
  68  8:47  Probe  
  70  8:58  Probe  
  70  8:59  Probe  
  70  9:00  Zealot  
  70  9:10  Probe, Zealot  
  73  9:34  Assimilator  
  73  9:56  Probe  
  73  9:58  Probe  
  75  10:12  Stalker  
  75  10:35  Protoss Ground Weapons Level 2, Warp Prism, Void Ray, Protoss Ground Armor Level 2  
  81  10:39  Gateway  
  81  10:41  Zealot  
  83  10:44  Robotics Facility  
  83  10:46  Zealot  
  83  10:48  Stargate  
  85  10:52  Stalker  
  85  10:53  Pylon, Nexus  
  87  11:01  Stalker  
  89  11:10  Stalker, Warp Prism  
  87  11:16  Zealot  
  83  11:21  Void Ray  
  77  11:27  Stalker  
  77  11:31  Warp Prism  
  75  11:33  Sentry  
  75  11:39  Sentry  
  79  11:44  Stalker, Robotics Bay  
  82  11:47  Observer  
  82  11:50  Stalker  
  82  11:54  Protoss Air Weapons Level 1  
  84  11:56  Zealot  
  86  12:05  Probe  
  86  12:06  Probe  
  86  12:07  Zealot  
  86  12:08  Probe  
  89  12:17  Probe  
  89  12:18  Probe  
  89  12:19  Pylon  
  89  12:21  Probe  
  92  12:29  Probe  
  92  12:30  Probe  
  92  12:33  Observer Gravitic Boosters, Probe  
  92  12:34  Zealot  
  94  12:39  Pylon  
  94  12:41  Probe  
  94  12:42  Probe  
  94  12:43  Templar Archives  
  96  12:45  Probe  
  97  12:51  Dark Shrine, Protoss Shields Level 1  
  97  12:53  Probe  
  97  12:55  Probe  
  97  12:57  Probe  
  100  13:01  Photon Cannon  
  100  13:02  Photon Cannon  
  100  13:05  Probe  
  100  13:07  Probe  
  100  13:09  Probe  
  98  13:17  Probe  
  98  13:19  Fleet Beacon, Probe  
  100  13:21  Probe  
  101  13:30  Gravitic Drive  
  101  13:40  Assimilator  
  101  13:48  Protoss Air Armor Level 1  
  101  13:49  Zealot  
  101  13:54  Assimilator, Zealot  
  101  14:01  Photon Cannon, Colossus  
  105  14:07  Carrier  
  105  14:08  Photon Cannon  
  111  14:14  Sentry  
  113  14:21  Adept  
  113  14:23  Probe  
  113  14:25  Probe  
  113  14:26  Probe  
  113  14:27  Immortal  
  118  14:35  Probe  
  119  14:39  Carrier  
  119  14:40  Pylon  
  125  14:47  Protoss Shields Level 2  
  125  14:52  Protoss Ground Weapons Level 3  
  125  14:54  Colossus  
  131  15:02  Extended Thermal Lance  
  131  15:41  Photon Cannon  
  131  15:46  Graviton Catapult  
  131  15:50  Nexus  
  126  16:03  Photon Cannon  
  126  16:06  Protoss Air Weapons Level 2  
  124  17:01  Stalker  
  124  17:03  Protoss Ground Armor Level 3, Probe  
  124  17:05  Probe  
  124  17:06  Probe  
  124  17:08  Probe  
  130  17:15  Assimilator  
  130  17:16  Probe  
  130  17:19  Pylon  
  130  17:22  Pylon  
  131  17:23  Assimilator  
  131  17:30  Protoss Shields Level 3  
  131  17:37  Void Ray  
  131  17:44  Photon Cannon  
  131  17:46  Photon Cannon  
  131  17:47  Adept  
  133  17:53  Adept  
  135  17:58  Phoenix  
  135  18:04  Adept  
  139  18:10  Adept  
  141  18:15  Adept  
  141  18:16  Resonating Glaives  
  143  18:21  Phoenix  
  143  18:26  Psionic Storm  
  145  18:27  High Templar  
  145  18:33  High Templar  
  149  18:41  Dark Templar, Archon  
  151  20:07  Dark Templar  
Tags
 
Add a new tag
Caveats
  • Supply blocks, unpowered buildings, or Contaminate may cause inaccurate times.
  • Supply counts are checked every 10 seconds.